XFBL
ST. LOUIS CARDINALS @ CHICAGO CUBS
04/15/1982
 
TOP OF THE 1ST
St. Louis Cardinals batting - Pitching for Chicago Cubs : RHP Ray Burris
Pitching: RHP Ray Burris
Batting: SHB Otis Nixon 0-0: Foul Ball, location: 2F
0-1: Ball
1-1: Ball
2-1: Ball
3-1: Foul Ball, location: 2F
3-2: Base on Balls
Batting: LHB Jim Gantner 0-0: Ball
1-0: Called Strike
1-1: Ball
2-1: SINGLE (Line Drive, 7S, EV 96.3 MPH)
Otis Nixon to second
Batting: RHB Sixto Lezcano 0-0: Ball
1-0: Foul Ball, location: 2F
1-1: Foul Ball, location: 2F
1-2: Ball
2-2: Foul Ball, location: 2F
2-2: Foul Ball, location: 2F
2-2: Ball
3-2: Fly out, F8 (Flyball, 8RS, EV 90.6 MPH)
Batting: LHB Pat Putnam 0-0: Ball
1-0: Reached via error on a dropped throw from SS, E4 (Groundball, 6, EV 82.5 MPH)
Otis Nixon to third
Jim Gantner to second
Batting: RHB Joe Torre 0-0: Ball
1-0: Called Strike
1-1: Foul Ball, location: 2F
1-2: Fly out, F8 (Flyball, 8LD, EV 99.4 MPH)
Runner from 3rd tags up, SCORES, throw by CF
Jim Gantner to third
Batting: LHB Mike Davis 0-0: Foul Ball, location: 2F
0-1: Ball
1-1: Swinging Strike
1-2: Foul Ball, location: 2F
1-2: Ball
2-2: Ground out U3 (Groundball, 3, EV 81.9 MPH)
Top of the 1st over - 1 run, 1 hit, 1 error, 2 left on base; St. Louis 1 - Chicago 0
BOTTOM OF THE 1ST
Chicago Cubs batting - Pitching for St. Louis Cardinals : LHP Ken Holtzman
Pitching: LHP Ken Holtzman
Batting: RHB Lonnie Smith 0-0: Ball
1-0: Fly out, F8 (Flyball, 8RM, EV 83.8 MPH)
Batting: RHB Bill Madlock 0-0: Called Strike
0-1: Fly out, F8 (Flyball, 8RD, EV 73.1 MPH)
Batting: RHB Jim Rice 0-0: Ball
1-0: Ball
2-0: Fly out, F8 (Flyball, 8LM, EV 79.4 MPH)
Bottom of the 1st over - 0 runs, 0 hits, 0 errors, 0 left on base; St. Louis 1 - Chicago 0
TOP OF THE 2ND
St. Louis Cardinals batting - Pitching for Chicago Cubs : RHP Ray Burris
Batting: RHB Bob Watson 0-0: Ball
1-0: Ball
2-0: Ball
3-0: Called Strike
3-1: Fly out, F8 (Line Drive, 8LM, EV 95.0 MPH)
Batting: SHB Billy E Smith 0-0: Ball
1-0: Called Strike
1-1: Foul Ball, location: 2F
1-2: Ball
2-2: SINGLE (Groundball, 5L, EV 96.3 MPH) (infield hit)
Batting: RHB Ken Holtzman 0-0: Sac Bunt to 23 - play at first, batter OUT! 3-4
Billy E Smith to second
Batting: SHB Otis Nixon 0-0: Called Strike
0-1: Swinging Strike
0-2: Strikes out swinging
Top of the 2nd over - 0 runs, 1 hit, 0 errors, 1 left on base; St. Louis 1 - Chicago 0
BOTTOM OF THE 2ND
Chicago Cubs batting - Pitching for St. Louis Cardinals : LHP Ken Holtzman
Batting: SHB Roy Smalley 0-0: Ball
1-0: Ball
2-0: Ball
3-0: Base on Balls
Batting: RHB Gary Ward 0-0: Ball
1-0: Ball
2-0: Ball
3-0: Called Strike
3-1: Foul Ball, location: 2F
3-2: Fielders Choice at 2nd, 6-4 (Groundball, 6, EV 80.6 MPH)
Batting: RHB Randy Ready 0-0: Ball
1-0: Foul Ball, location: 2F
1-1: Foul Ball, location: 2F
1-2: Strikes out swinging
Batting: RHB Bob Brenly 0-0: Ball
1-0: Fly out, F6 (Flyball, 56D, EV 85.0 MPH)
Bottom of the 2nd over - 0 runs, 0 hits, 0 errors, 1 left on base; St. Louis 1 - Chicago 0
TOP OF THE 3RD
St. Louis Cardinals batting - Pitching for Chicago Cubs : RHP Ray Burris
Batting: LHB Jim Gantner 0-0: Foul Ball, location: 2F
0-1: Ball
1-1: Ball
2-1: Fly out, F5 (Popup, 5SF, EV 88.8 MPH)
Batting: RHB Sixto Lezcano 0-0: Swinging Strike
0-1: Foul Ball, location: 2F
0-2: Ball
1-2: Strikes out looking
Batting: LHB Pat Putnam 0-0: Ball
1-0: Fly out, F9 (Flyball, 9D, EV 108.1 MPH)
Top of the 3rd over - 0 runs, 0 hits, 0 errors, 0 left on base; St. Louis 1 - Chicago 0
BOTTOM OF THE 3RD
Chicago Cubs batting - Pitching for St. Louis Cardinals : LHP Ken Holtzman
Batting: RHB Willie Randolph 0-0: Called Strike
0-1: Bunt missed!
0-2: Foul Ball, location: 2F
0-2: Ball
1-2: SINGLE (Line Drive, 9S, EV 95.6 MPH)
Batting: RHB Ray Burris 0-0: Bunted foul
0-1: Bunted foul
0-2: Sac Bunt to 15S - play at first, batter OUT! 1-4
Willie Randolph to second
Batting: RHB Lonnie Smith 0-0: Called Strike
0-1: SINGLE (Line Drive, 56D, EV 100.6 MPH)
Willie Randolph to third
Runner from 3rd tries for Home, SAFE, throw by LF to home
Batting: RHB Bill Madlock 0-0: Ball
1-0: Ball
2-0: Foul Ball, location: 2F
2-1: Ball
3-1: Foul Ball, location: 2F
3-2: Fly out, F9 (Flyball, 9S, EV 94.4 MPH)
Batting: RHB Jim Rice 0-0: Ball
1-0: Ball
2-0: Foul Ball, location: 2F
2-1: Foul Ball, location: 2F
2-2: SINGLE (Groundball, 56D, EV 104.4 MPH)
Lonnie Smith to second
Runner from 2nd tries for 3rd, SAFE, no throw by LF
Batting: SHB Roy Smalley 0-0: Foul Ball, location: 3F, Error on foul ball, E3
0-1: Foul Ball, location: 2F
0-2: Ball
1-2: Ground out 3-1 (Groundball, 13, EV 77.5 MPH)
Bottom of the 3rd over - 1 run, 3 hits, 1 error, 2 left on base; St. Louis 1 - Chicago 1
TOP OF THE 4TH
St. Louis Cardinals batting - Pitching for Chicago Cubs : RHP Ray Burris
Batting: RHB Joe Torre 0-0: Called Strike
0-1: Ball
1-1: Ball
2-1: Ball
3-1: SINGLE (Groundball, 6MD, EV 104.4 MPH)
Batting: LHB Mike Davis 0-0: Fly out, F8 (Flyball, 8LS, EV 93.1 MPH)
Batting: RHB Bob Watson 0-0: Fielders Choice at 2nd, 1-6 (Groundball, 13S, EV 64.4 MPH)
Batting: SHB Billy E Smith 0-0: Called Strike
0-1: Ball
1-1: Fielders Choice at 2nd, 6-4 (Groundball, 6, EV 108.8 MPH)
Top of the 4th over - 0 runs, 1 hit, 0 errors, 1 left on base; St. Louis 1 - Chicago 1
BOTTOM OF THE 4TH
Chicago Cubs batting - Pitching for St. Louis Cardinals : LHP Ken Holtzman
Batting: RHB Gary Ward 0-0: Ball
1-0: SINGLE (Groundball, 56D, EV 103.1 MPH)
Batting: RHB Randy Ready 0-0: Ball
1-0: Called Strike
1-1: Foul Ball, location: 2F
1-2: Ball
2-2: Foul Ball, location: 2F
2-2: Ball
3-2: Base on Balls
Gary Ward to second
Batting: RHB Bob Brenly 0-0: Ball
1-0: SINGLE (Line Drive, 78S, EV 91.9 MPH)
Gary Ward to third
Randy Ready to second
Runner from 3rd tries for Home, SAFE, throw by LF to home
Batting: RHB Willie Randolph 0-0: Called Strike
0-1: Ball
1-1: Swinging Strike
1-2: Ball
2-2: Ball
3-2: SINGLE (Groundball, 34S, EV 69.4 MPH) (infield hit)
Randy Ready to third
Bob Brenly to second
Batting: RHB Ray Burris 0-0: Foul Ball, location: 2F
0-1: Foul Ball, location: 2F
0-2: Grounds into fielders choice 4-2 (Groundball, 4, EV 91.9 MPH)
Bob Brenly to third
Willie Randolph to second
Batting: RHB Lonnie Smith 0-0: Called Strike
0-1: Called Strike
0-2: Ball
1-2: Ball
2-2: Ball
3-2: Base on Balls
Bob Brenly scores
Willie Randolph to third
Ray Burris to second
Batting: RHB Bill Madlock 0-0: Ball
1-0: Ball
2-0: Called Strike
2-1: Ball
3-1: Grounds into double play, 1-2-3 (Groundball, P, EV 69.4 MPH)
Bottom of the 4th over - 2 runs, 3 hits, 0 errors, 2 left on base; St. Louis 1 - Chicago 3
TOP OF THE 5TH
St. Louis Cardinals batting - Pitching for Chicago Cubs : RHP Ray Burris
Batting: RHB Ken Holtzman 0-0: Called Strike
0-1: Ground out U3 (Groundball, 3S, EV 89.4 MPH)
Batting: SHB Otis Nixon 0-0: Ball
1-0: SINGLE (Groundball, 4MD, EV 106.9 MPH)
Batting: LHB Jim Gantner 0-0: Ball
1-0: Ball
2-0: Called Strike
2-1: Fielders Choice at 2nd, 1-6 (Groundball, 34S, EV 67.5 MPH)
Batting: RHB Sixto Lezcano 0-0: Ball
1-0: Foul Ball, location: 2F
1-1: Ball
2-1: Foul Ball, location: 2F
2-2: Foul Ball, location: 2F
2-2: Ball
3-2: 2-RUN HOME RUN (Line Drive, 78XD, EV 108.1 MPH), Distance : 478 ft
Batting: LHB Pat Putnam 0-0: Called Strike
0-1: Called Strike
0-2: Ball
1-2: Ball
2-2: Ball
3-2: Base on Balls
Batting: RHB Joe Torre 0-0: Swinging Strike
0-1: Fly out, F8 (Flyball, 89XD, EV 81.3 MPH)
Top of the 5th over - 2 runs, 2 hits, 0 errors, 1 left on base; St. Louis 3 - Chicago 3
BOTTOM OF THE 5TH
Chicago Cubs batting - Pitching for St. Louis Cardinals : LHP Ken Holtzman
Batting: RHB Jim Rice 0-0: SINGLE (Groundball, 56S, EV 66.3 MPH) (infield hit)
Batting: SHB Roy Smalley 0-0: Foul Ball, location: 2F
0-1: Ball
1-1: Ball
2-1: Called Strike
2-2: Ball
3-2: Foul Ball, location: 2F
3-2: Base on Balls
Jim Rice to second
Batting: RHB Gary Ward 0-0: Fly out, F9 (Flyball, 9, EV 90.0 MPH)
Batting: RHB Randy Ready 0-0: DOUBLE (Line Drive, 9LS, EV 89.4 MPH)
Jim Rice scores
Roy Smalley to third
Runner from 3rd tries for Home, SAFE, throw by RF to home
Pitching: RHP Andy Hawkins
Now in CF: Mookie Wilson
Batting: RHB Bob Brenly 0-0: Ball
1-0: Called Strike
1-1: Foul Ball, location: 2F
1-2: Strikes out swinging
Batting: RHB Willie Randolph 0-0: Intentional Walk
Batting: RHB Ray Burris 0-0: Fly out, F7 (Flyball, 7LM, EV 92.5 MPH)
Bottom of the 5th over - 2 runs, 2 hits, 0 errors, 2 left on base; St. Louis 3 - Chicago 5
TOP OF THE 6TH
St. Louis Cardinals batting - Pitching for Chicago Cubs : RHP Ray Burris
Batting: LHB Mike Davis 0-0: Foul Ball, location: 2F
0-1: Fly out, F7 (Flyball, 7D, EV 84.4 MPH)
Batting: RHB Bob Watson 0-0: Swinging Strike
0-1: Ground out 5-3 (Groundball, 56S, EV 83.8 MPH)
Batting: SHB Billy E Smith 0-0: Swinging Strike
0-1: Ball
1-1: Swinging Strike
1-2: Foul Ball, location: 2F
1-2: Fly out, F8 (Flyball, 78M, EV 91.3 MPH)
Top of the 6th over - 0 runs, 0 hits, 0 errors, 0 left on base; St. Louis 3 - Chicago 5
BOTTOM OF THE 6TH
Chicago Cubs batting - Pitching for St. Louis Cardinals : RHP Andy Hawkins
Batting: RHB Lonnie Smith 0-0: SOLO HOME RUN (Flyball, 78XD, EV 99.4 MPH), Distance : 411 ft
Batting: RHB Bill Madlock 0-0: Fly out, F7 (Line Drive, 7D, EV 107.5 MPH)
Batting: RHB Jim Rice 0-0: Called Strike
0-1: Ball
1-1: DOUBLE (Flyball, 78XD, EV 109.4 MPH)
Batting: SHB Roy Smalley 0-0: Ball
1-0: Ball
2-0: Ball
3-0: Base on Balls
Batting: RHB Gary Ward 0-0: Called Strike
0-1: Ball
Jim Rice steals 3rd base
Roy Smalley to second
1-1: Swinging Strike
1-2: Ball
2-2: Foul Ball, location: 2F
2-2: Ball
3-2: Base on Balls
Batting: RHB Randy Ready 0-0: Foul Ball, location: 2F
0-1: Ball
1-1: Ball
2-1: Foul Ball, location: 2F
2-2: DOUBLE (Line Drive, 9LM, EV 96.3 MPH)
Jim Rice scores
Roy Smalley scores
Gary Ward to third
Runner from 3rd tries for Home, throw by RF and OUT! 9-4-2
Randy Ready to third
Pitching: RHP David Melendez
Batting: RHB Bob Brenly 0-0: SINGLE (Groundball, 34D, EV 96.9 MPH)
Randy Ready scores
Batting: RHB Willie Randolph 0-0: Called Strike
0-1: Called Strike
0-2: Fielders Choice at 2nd, 5-4 (Groundball, 56, EV 103.1 MPH)
Bottom of the 6th over - 4 runs, 4 hits, 0 errors, 1 left on base; St. Louis 3 - Chicago 9
TOP OF THE 7TH
St. Louis Cardinals batting - Pitching for Chicago Cubs : RHP Ray Burris
Batting: RHB Mookie Wilson 0-0: Ball
1-0: Fly out, F9 (Flyball, 9, EV 71.9 MPH)
Batting: SHB Otis Nixon 0-0: Ball
1-0: Ball
2-0: DOUBLE (Groundball, 3L, EV 108.8 MPH)
Batting: LHB Jim Gantner 0-0: Called Strike
0-1: SINGLE (Groundball, 4MD, EV 108.8 MPH)
Otis Nixon to third
Runner from 3rd tries for Home, SAFE, throw by CF to home
Batting: RHB Sixto Lezcano 0-0: Swinging Strike
0-1: Ball
Balk!
Jim Gantner to second
1-1: Called Strike
1-2: Ball
2-2: Foul Ball, location: 2F
2-2: Fly out, F8 (Flyball, 8LM, EV 93.1 MPH)
Pinch Hitting: RHB Pascual D'Annunzio 0-0: Fly out, F4 (Popup, 34, EV 77.5 MPH)
Top of the 7th over - 1 run, 2 hits, 0 errors, 1 left on base; St. Louis 4 - Chicago 9
BOTTOM OF THE 7TH
Chicago Cubs batting - Pitching for St. Louis Cardinals : RHP David Melendez
Pitching: RHP Bert Roberge
Pinch Hitting: LHB Dave Bergman 0-0: Called Strike
0-1: Ball
1-1: Ground out 2-3 (Groundball, 2L, EV 69.4 MPH)
Batting: RHB Lonnie Smith 0-0: SINGLE (Line Drive, 8RS, EV 106.3 MPH)
Batting: RHB Bill Madlock 0-0: Ball
1-0: Ball
2-0: Ball
3-0: Fly out, F9 (Flyball, 89M, EV 95.6 MPH)
Batting: RHB Jim Rice 0-0: Called Strike
Lonnie Smith steals 2nd, throwing error, E2
Lonnie Smith to third
0-1: Ground out 6-3 (Groundball, 6, EV 95.0 MPH)
Bottom of the 7th over - 0 runs, 1 hit, 1 error, 1 left on base; St. Louis 4 - Chicago 9
TOP OF THE 8TH
St. Louis Cardinals batting - Pitching for Chicago Cubs : RHP Ray Burris
Pitching: RHP Shikato Ueda
Batting: RHB Joe Torre 0-0: Called Strike
0-1: Foul Ball, location: 2F
0-2: Ball
1-2: Strikes out looking
Batting: LHB Mike Davis 0-0: Ball
1-0: Ground out U3 (Groundball, 3, EV 82.5 MPH)
Batting: RHB Bob Watson 0-0: Fly out, F7 (Flyball, 7D, EV 97.5 MPH)
Top of the 8th over - 0 runs, 0 hits, 0 errors, 0 left on base; St. Louis 4 - Chicago 9
BOTTOM OF THE 8TH
Chicago Cubs batting - Pitching for St. Louis Cardinals : RHP Bert Roberge
Batting: SHB Roy Smalley 0-0: Called Strike
0-1: Ball
1-1: Swinging Strike
1-2: Ball
2-2: Foul Ball, location: 2F
2-2: Ball
3-2: Ground out 1-3 (Groundball, 13, EV 65.0 MPH)
Batting: RHB Gary Ward 0-0: Ball
1-0: Fly out, F9 (Line Drive, 9, EV 86.3 MPH)
Pitching: RHP Robert Arnold
Batting: RHB Randy Ready 0-0: Foul Ball, location: 2F
0-1: Ball
1-1: Ball
2-1: SOLO HOME RUN (Flyball, 7LD, EV 95.6 MPH), Distance : 392 ft
Batting: RHB Bob Brenly 0-0: Ball
1-0: Called Strike
1-1: Ball
2-1: Called Strike
2-2: Strikes out swinging
Bottom of the 8th over - 1 run, 1 hit, 0 errors, 0 left on base; St. Louis 4 - Chicago 10
TOP OF THE 9TH
St. Louis Cardinals batting - Pitching for Chicago Cubs : RHP Shikato Ueda
Batting: SHB Billy E Smith 0-0: Foul Ball, location: 2F
0-1: Ball
1-1: Ground out 4-3 (Groundball, 4, EV 82.5 MPH)
Batting: RHB Mookie Wilson 0-0: Ball
1-0: Ball
2-0: Foul Ball, location: 2F
2-1: Ball
3-1: Swinging Strike
3-2: Foul Ball, location: 2F
3-2: Strikes out swinging
Batting: SHB Otis Nixon 0-0: Called Strike
0-1: Called Strike
0-2: Fly out, F3 (Line Drive, 34, EV 108.1 MPH)
Top of the 9th over - 0 runs, 0 hits, 0 errors, 0 left on base; St. Louis 4 - Chicago 10
Tuesday, July 21st, 2020 - OOTP Baseball 21.4 Build 63